 Dungeon Crawl Stone Soup version 0.22-a0-815-gb582571 (webtiles) character file.

168 zishaf the Sneak (level 5, 0/32 HPs)
             Began as a Kobold Assassin on July 23, 2018.
             Killed by divine providence
             ... invoked by an orc priest
              (12 damage)
             ... on level 3 of the Dungeon.
             The game lasted 00:04:29 (2904 turns).

zishaf the Sneak (Kobold Assassin)                  Turns: 2904, Time: 00:04:30

Health: 0/32       AC:  4    Str:  9    XL:     5   Next: 78%
Magic:  14/14      EV: 15    Int: 12    God:
Gold:   103        SH:  0    Dex: 17    Spells: 4/4 levels left

rFire    . . .     SeeInvis .   a - +2 dagger
rCold    . . .     Gourm    .   (shield restricted)
rNeg     . . .     Faith    .   m - +0 leather armour
rPois    .         Spirit   .   (no helmet)
rElec    .         Reflect  .   d - +0 cloak
rCorr    .         Harm     .   (no gloves)
MR       .....                  (no boots)
Stlth    +++.......             (no amulet)
HPRegen  0.10/turn              w - ring of magical power (curse)
MPRegen  0.14/turn              (no ring)

@: no status effects
A: small, carnivore
a: no special abilities


You were on level 3 of the Dungeon.
You were very full.

You visited 1 branch of the dungeon, and saw 4 of its levels.

You collected 103 gold pieces.

Inventory:

Hand Weapons
 a - a +2 dagger (weapon)
 b - a +0 blowgun
Missiles
 e - 27 poisoned needles
 f - 2 curare-tipped needles
 h - 5 needles of sleeping
Armour
 c - a +0 robe
 d - a +0 cloak (worn)
 m - a +0 leather armour (worn)
Jewellery
 w - a cursed ring of magical power (left hand)
Scrolls
 k - 2 scrolls of immolation {unknown}
 o - 4 scrolls of remove curse {unknown}
 q - 4 scrolls of identify {unknown}
 r - a scroll of random uselessness {unknown}
 y - 2 scrolls of enchant armour {unknown}
 z - a scroll of amnesia {unknown}
 A - a scroll of magic mapping {unknown}
Potions
 i - a potion of curing {unknown}
 j - 2 potions of resistance {unknown}
 l - a potion of cancellation {unknown}
 n - a potion of agility
 p - a potion of flight {unknown}
 t - a potion of lignification {unknown}
 u - a potion of heal wounds {unknown}
 v - 3 potions of ambrosia {unknown}
 x - a potion of invisibility {unknown}
Comestibles
 g - 6 rations


   Skills:
 + Level 3.3 Fighting
 + Level 4.0 Short Blades
 + Level 3.2 Throwing
 + Level 2.9 Dodging
 + Level 6.2 Stealth


You had 4 spell levels left.
You didn't know any spells.
Your spell library was empty.

Dungeon Overview and Level Annotations

Branches:
Dungeon (4/15)
 Temple: D:4-7

Altars:


Innate Abilities, Weirdness & Mutations

You are small and have problems with some larger weapons.
You are carnivorous and can eat meat at any time.


Message History

You hit the orc priest but do no damage.
The orc priest closely misses you.
You barely miss the orc priest. The orc closely misses you.
You hit the orc priest.
The orc priest is lightly wounded.
The orc hits you but does no damage.
The orc priest mumbles some strange prayers to Beogh against you.
Pain shoots through your body!
You barely miss the orc priest.
The orc priest is lightly wounded.
The orc hits you but does no damage. The orc priest barely misses you.
The orc hits you with a flail.
You hit the orc priest.
The orc priest is moderately wounded.
The orc hits you with a dagger.
You barely miss the orc priest.
The orc priest is moderately wounded.
The orc priest calls down the wrath of Beogh upon you.
Beogh smites you!
You die...

#.# ##### ##.## #...#
###...### #.......###########
#.................###
#.......###.........#
##>....## #.#####.#.#
#######o@.## #.# ###.#.# #.#
.......oo## #.# #...#.#
###(### ########.# #.# #.###.#
. ....# #.# #.###.###.# #
#.#.# ##'## #.........#
###.#.#### ##...## #####.#####
.........# ##..(..## ##.#
..#.#..#.# ##.......## ##..#
.........###.).......####...##


You could see an orc priest and 2 orcs.

Vanquished Creatures
  A scorpion (D:2)
  A worker ant (D:2)
  2 adders
  A worm (D:1)
  A dart slug (D:1)
  3 leopard geckos
  3 orcs
  9 bats
  4 giant cockroaches
  3 goblins
  10 hobgoblins
  10 jackals
  A ball python (D:3)
  4 frilled lizards
  5 kobolds
  6 rats
64 creatures vanquished.

Notes
Turn   | Place    | Note
-------+----------+-------------------------------------------
     0 | D:1      | zishaf the Kobold Assassin began the quest for the Orb.
     0 | D:1      | Reached XP level 1. HP: 12/12 MP: 1/1
    90 | D:1      | Reached XP level 2. HP: 18/18 MP: 2/2
   257 | D:1      | Reached XP level 3. HP: 19/22 MP: 3/3
   999 | D:2      | Reached XP level 4. HP: 11/27 MP: 4/4
  1937 | D:2      | Reached skill level 6 in Stealth
  1937 | D:2      | Reached XP level 5. HP: 32/32 MP: 5/5
  2904 | D:3      | Killed from afar by an orc priest

Vault maps used:
D:1:      evilmike_arrival_run_for_it
D:4:      first_ration, serial_shops, kennysheep_little_box, serial_glass,
          glass_columns_c, glass_columns_c, kennysheep_cross_bottleneck,
          uniq_edmund

Skill      XL: |  1  2  3  4  5 |
---------------+----------------+-----
Short Blades   | 3 4 |  4.0
Dodging        | 2 |  2.9
Fighting       | 3 |  3.3
Throwing       | 3 |  3.2
Stealth        | 6 |  6.2

Action                   |  1- 3 |  4- 6 || total
-------------------------+-------+-------++-------
Melee: Dagger            |    89 |   135 ||   224
 Fire: Blowgun           |     4 |     7 ||    11
 Stab: Sleeping          |     4 |    12 ||    16
  Eat: Chunk             |     8 |     6 ||    14
Armor: Leather armour    |    23 |    24 ||    47
       Robe              |     4 |       ||     4
Dodge: Dodged            |    58 |    79 ||   137

Table legend:
 A = Spawn XP
 B = Non-spawn XP
 C = Spawn XP percentage of total XP
 D = Spawn monster count
 E = Non-spawn monster count
 F = Spawn count percentage of total count
 G = Total turns spent on level
                    A         B        C        D         E        F      G
               +---------+---------+-------+---------+---------+-------+---------
         Total |       0 |     241 |   0.0 |       0 |      64 |   0.0 |  2904
               +---------+---------+-------+---------+---------+-------+---------
           D:1 |       0 |      52 |   0.0 |       0 |      27 |   0.0 |   933
           D:2 |       0 |     144 |   0.0 |       0 |      19 |   0.0 |  1195
           D:3 |       0 |      26 |   0.0 |       0 |      15 |   0.0 |   467
           D:4 |       0 |      19 |   0.0 |       0 |       3 |   0.0 |   309
               +---------+---------+-------+---------+---------+-------+---------
